 Dungeon Crawl Stone Soup version 0.30-a0-782-ge64f9170bb (webtiles) character file.

Game seed: 16219280349216056462

67 theswoord the Shooter (level 4, -7/25 HPs)
             Began as a Deep Elf Hunter on Feb 23, 2023.
             Killed by divine providence
             ... invoked by an orc priest
              (16 damage)
             ... on level 3 of the Dungeon.
             The game lasted 00:03:00 (1664 turns).

theswoord the Shooter (Deep Elf Hunter)             Turns: 1664, Time: 00:03:00

Health: -7/25      AC:  9    Str: 10    XL:     4   Next: 0%
Magic:  6/6        EV: 11    Int: 14    God:
Gold:   197        SH:  0    Dex: 18    Spells: 3/3 levels left

rFire   . . .      SeeInvis .    a - +0 shortbow
rCold   . . .      Faith    .    (shield currently unavailable)
rNeg    . . .      Spirit   .    h - quicksilver dragon scales
rPois   .          Reflect  .    (no helmet)
rElec   .          Harm     .    (no cloak)
rCorr   .          Rampage  .    (no gloves)
Will    +....                    (no boots)
Stlth   +                        (no amulet)
HPRegen 0.24/turn                (no ring)
MPRegen 0.10/turn                (no ring)

@: no status effects
A: no striking features
a: no special abilities


You were on level 3 of the Dungeon.
You visited 1 branch of the dungeon, and saw 3 of its levels.

You collected 197 gold pieces.

Inventory:

Hand Weapons
 a - a +0 shortbow (weapon)
 j - a +3 whip
Armour
 c - a +1 leather armour
 f - a +0 scale mail
 h - quicksilver dragon scales (worn)
Scrolls
 b - a scroll of immolation
 g - a scroll of enchant armour
 l - a scroll of identify
Potions
 d - 2 potions of curing
 e - 2 potions of might
 i - a potion of flight {unknown}
 k - 2 potions of heal wounds {unknown}
 m - a potion of ambrosia {unknown}


   Skills:
 - Level 1.5 Fighting
 + Level 7.4 Ranged Weapons
 - Level 2.4 Dodging
 - Level 1.2 Stealth


You had 3 spell levels left.
You didn't know any spells.
Your spell library contained the following spells:

 Spells                   Type           Power      Damage    Failure   Level
 Call Canine Familiar     Summ           0%         N/A       92%         3
 Ignite Poison            Fire/Tmut/Pois 0%         N/A       92%         3
 Kindle Blastsparks       Fire/Tloc/Air  0%         2d10      92%         3
 Portal Projectile        Hex/Tloc       0%         N/A       92%         3
 Leda's Liquefaction      Hex/Erth       0%         N/A       100%        4
 Freezing Cloud           Conj/Ice/Air   0%         6-21      100%        5


Dungeon Overview and Level Annotations

Branches:
Dungeon (3/15)

Altars:
Elyvilon


Message History

An orc comes into view. It is wielding a +0 dagger.
The orc shouts!
An adder comes into view.
There are monsters nearby!
There are monsters nearby!
You shoot an arrow. The adder hisses angrily.
The arrow hits the orc!
You shoot an arrow. The arrow hits the orc!
You kill the orc!
You have reached level 4!
You feel clever.
You shoot an arrow. The arrow hits the adder.
An orc comes into view. It is wielding a +0 flail.
An orc priest comes into view. It is wielding a +0 club.
The orc moves out of view.
You shoot an arrow. The arrow closely misses the adder.
The orc priest shouts!
The adder barely misses you.
You shoot an arrow. The arrow barely misses the adder.
The orc shouts!
The adder barely misses you. x2
You shoot an arrow. The arrow closely misses the adder.
The adder bites you. The adder closely misses you.
The orc priest mumbles some strange prayers to Beogh against you.
Beogh smites you!
Ouch! That really hurt!
* * * LOW HITPOINT WARNING * * *
You shoot an arrow. The arrow barely misses the adder.
The adder bites you but does no damage.
You shoot an arrow. The arrow barely misses the adder.
The adder bites you but does no damage. x2
You shoot an arrow. The arrow hits the adder.
The adder bites you but does no damage. The adder misses you.
You shoot an arrow. The arrow completely misses the adder.
The orc hits you but does no damage.
The orc priest invokes the aid of Beogh against you.
Beogh smites you!
Ouch! That really hurt!
You die...

#...# #.##~..♣..~##
###.# #...........##
#.# #....♣._.♣...#
..# #.#.....r....# .
### #.##~..♣..~#.#
..## #.##~~...~~#.#
.....###.####...###.#
..)..oo#..........#.#
#S@............#
........##........###
..#.#...##.####'### #
#...##.# #.#
.....##.. #.#
#.#.#!.##.. #.#
#.#.##. ..>#.# . #. #
##.#.# .#.#


You could see an orc priest, an adder and an orc.

Vanquished Creatures
  An adder (D:2)
  A dart slug (D:2)
  9 orcs (D:3)
  5 endoplasms
  2 giant cockroaches (D:2)
  5 hobgoblins
  2 jackals (D:1)
  A quokka (D:1)
  2 ball pythons
  5 bats
  2 frilled lizards
  A goblin (D:1)
  4 kobolds
  4 rats
44 creatures vanquished.

Vanquished Creatures (others)
  5 plants (D:3)
5 creatures vanquished.

Grand Total: 49 creatures vanquished

Notes
Turn   | Place    | Note
-------+----------+-------------------------------------------
     0 | D:1      | theswoord the Deep Elf Hunter began the quest for the Orb.
     0 | D:1      | Reached XP level 1. HP: 12/12 MP: 3/3
   127 | D:1      | Reached XP level 2. HP: 16/16 MP: 4/4
   161 | D:1      | Reached skill level 6 in Ranged Weapons
   559 | D:2      | Reached XP level 3. HP: 20/20 MP: 5/5
  1353 | D:3      | Reached skill level 7 in Ranged Weapons
  1613 | D:3      | Found a white marble altar of Elyvilon.
  1657 | D:3      | Reached XP level 4. HP: 25/25 MP: 6/6
  1664 | D:3      | Killed from afar by an orc priest

Skill      XL: |  1  2  3 |
---------------+----------+-----
Ranged Weapons | 6 7 |  7.4
Fighting       | |  1.5
Dodging        | |  2.4
Stealth        | |  1.2

Action                     |  1- 3 |  4- 6 || total
---------------------------+-------+-------++-------
   Fire: Shortbow          |   105 |     8 ||   113
    Use: Scroll            |     6 |       ||     6
 Armour: Scale mail        |     9 |       ||     9
         Leather armour    |     1 |       ||     1
         Quicksilver drago |    13 |     5 ||    18
  Dodge: Dodged            |    27 |     5 ||    32

Levels and vault maps discovered:
D:1:      grunt_arrival_crossed_arrows, layout_rooms
D:2:      layout_basic
D:3:      layout_basic, mainiacjoe_overflow_alcove_4, elyvilon_altar_4,
          shapermc_ecumenical_altar_hornbeckon
